 Dungeon Crawl Stone Soup version 0.29.0-7-g18a832c13a (webtiles) character file.

Game seed: 9728560410142527864

52 gelatine the Chopper (level 3, -4/37 HPs)
             Began as an Ogre Gladiator on Aug 31, 2022.
             Killed by divine providence
             ... invoked by an orc priest
              (17 damage)
             ... on level 2 of the Dungeon.
             The game lasted 00:02:23 (1235 turns).

gelatine the Chopper (Ogre Gladiator)               Turns: 1235, Time: 00:02:23

Health: -4/37      AC:  3    Str: 18    XL:     3   Next: 85%
Magic:  3/3        EV: 10    Int: 11    God:
Gold:   45         SH:  0    Dex: 10    Spells: 1/2 levels left

rFire   . . .      SeeInvis .   a - +0 war axe
rCold   . . .      Faith    .   (no shield)
rNeg    . . .      Spirit   .   b - +0 robe
rPois   .          Reflect  .   c - +0 hat
rElec   .          Harm     .   (no cloak)
rCorr   .          Rampage  .   (gloves unavailable)
Will    .....                   (boots unavailable)
Stlth   +.........              (no amulet)
HPRegen 0.12/turn               (no ring)
MPRegen 0.08/turn               (no ring)

@: no status effects
A: large, unfitting armour, tough skin 1
a: no special abilities


You were on level 2 of the Dungeon.
You visited 1 branch of the dungeon, and saw 2 of its levels.

You collected 45 gold pieces.

Inventory:

Hand Weapons
 a - a +0 war axe (weapon)
Missiles
 d - 5 throwing nets
 e - a large rock
Armour
 b - a +0 robe (worn)
 c - a +0 hat (worn)
Scrolls
 f - 5 scrolls of identify {unknown}
 g - a scroll of poison {unknown}
 h - a scroll of blinking {unknown}
 j - a scroll of torment {unknown}


   Skills:
 + Level 3.1 Fighting
 + Level 3.8 Axes
 + Level 2.1 Throwing
 + Level 3.3 Dodging


You had one spell level left.
You knew the following spells:

 Your Spells              Type           Power      Damage    Failure   Level
a - Magic Dart            Conj           0%         1d3       34%         1

Your spell library contained the following spells:

 Spells                   Type           Power      Damage    Failure   Level
 Searing Ray              Conj           0%         2d4       47%         2
 Gell's Gravitas          Tloc           0%         N/A       71%         3
 Teleport Other           Tloc           0%         N/A       71%         3
 Fulminant Prism          Conj/Hex       0%         3d6       98%         4
 Dispersal                Tloc           0%         N/A       100%        6


Dungeon Overview and Level Annotations

Branches:
Dungeon (2/15)

Altars:


Innate Abilities, Weirdness & Mutations

You are too large for most types of armour.
You have tough skin. (AC +1)


Message History

The kobold shouts!
You hear a shout!
You hear an angry hiss.
You hear a shout! x2
You see here a giant cockroach corpse.
A hobgoblin comes into view.
A frilled lizard comes into view.
Found a scroll labelled NEANAV ITOEGATILL.
The frilled lizard hisses angrily.
You hear a shout!
A gnoll comes into view. It is wielding a +0 club.
You closely miss the kobold. The kobold hits you but does no damage.
You hit the kobold.
You kill the kobold!
The hobgoblin hits you. The gnoll hits you with a +0 flail!
A gnoll comes into view. It is wielding a +0 spear.
Things that are here:
a +0 club; a kobold corpse The gnoll shouts!
You hit the hobgoblin.
You kill the hobgoblin!
You closely miss the gnoll. You hit the frilled lizard.
You kill the frilled lizard!
You hit the gnoll.
An orc comes into view. It is wielding a +0 hand axe.
The gnoll hits you with a +0 flail!
* * * LOW HITPOINT WARNING * * *
An orc comes into view. It is wielding a +0 whip.
The gnoll barely misses you.
An orc priest comes into view. It is wielding a +0 club.
It was a potion of heal wounds.
You feel much better.
The orc shouts!
An orc comes into view. It is wielding a +0 short sword.
The gnoll hits you with a +0 club. The gnoll closely misses you.
A ball python comes into view.
The gnoll hits you with a +0 club! The gnoll barely misses you.
The gnoll attacks as you move away! The gnoll barely misses you.
You see here a +0 club.
You hit the gnoll but do no damage. The gnoll hits you with a +0 club.
You barely miss the gnoll.
The orc priest mumbles some strange prayers to Beogh against you.
Beogh smites you!
You die...

.?....... .........
.....#.S# #.# .
#..oo#####..# #.# ..
#...)......$# #.#
...##.#g.#####. #.# .....
#.g# #.. #.######
.##...#†g###.# #......#.
........†@.#.## ##<.......
##......##.)..###.........
....###.##.......<†.......
... #.........#.).......
.. ...##.######......... .
........ #.........
........ #.........
........ ##)....... #####
.......#.


You could see an orc priest, 3 gnolls, an orc and a ball python.

Vanquished Creatures
  An adder (D:2)
  A worm (D:2)
  2 dart slugs (D:1)
  3 ball pythons (D:1)
  3 bats (D:1)
  A giant cockroach (D:2)
  4 goblins (D:1)
  4 hobgoblins
  A quokka (D:2)
  3 frilled lizards
  7 kobolds
  8 rats
38 creatures vanquished.

Notes
Turn   | Place    | Note
-------+----------+-------------------------------------------
     0 | D:1      | gelatine the Ogre Gladiator began the quest for the Orb.
     0 | D:1      | Reached XP level 1. HP: 22/22 MP: 1/1
   156 | D:1      | Reached XP level 2. HP: 29/29 MP: 2/2
   432 | D:1      | Reached XP level 3. HP: 25/36 MP: 3/3
   554 | D:1      | Learned a level 1 spell: Magic Dart
  1235 | D:2      | Killed from afar by an orc priest

Illustrated notes

Levels and vault maps discovered:
D:1:      dpeg_arrival_court, layout_basic, serial_bayou_lake_a
D:2:      layout_rooms, basic_altar, minmay_pentomino_r2

Skill      XL: |  1  2  3 |
---------------+----------+-----
Dodging        | 3 |  3.3
Fighting       | 3 |  3.1
Axes           | |  3.8
Throwing       | |  2.1

Action                   || total
-------------------------++-------
Melee: War axe           ||    79
       Punch             ||     1
 Cast: Magic Dart        ||     9
  Use: Potion            ||     1
 Stab: Sleeping          ||     1
Armor: Robe              ||    27
Dodge: Dodged            ||    52
